 Dungeon Crawl Stone Soup version 0.24-a0-699-g5a66b1aa3b (webtiles) character file.

Game seed: 7247732088018670714, levelgen mode: deterministic

66 Newrome1105 the Grave Robber (level 4, 0/33 HPs)
             Began as a Hill Orc Necromancer on Sept 29, 2019.
             Succumbed to a worker ant's poison
             ... on level 3 of the Dungeon.
             The game lasted 00:19:10 (2660 turns).

Newrome1105 the Grave Robber (Hill Orc Necromancer) Turns: 2660, Time: 00:19:11

Health: 0/33       AC:  2    Str: 10    XL:     4   Next: 15%
Magic:  6/7        EV: 12    Int: 16    God:
Gold:   111        SH:  0    Dex: 11    Spells: 5/7 levels left

rFire    x . .     SeeInvis .   o - +0 dagger
rCold    + . .     Gourm    +   (no shield)
rNeg     . . .     Faith    .   a - +0 robe
rPois    .         Spirit   .   (no helmet)
rElec    .         Reflect  .   (no cloak)
rCorr    .         Harm     .   (no gloves)
MR       .....                  (no boots)
Stlth    ++........             q - amulet of the gourmand
HPRegen  0.11/turn              m - ring of ice
MPRegen  0.10/turn              f - ring of flight

@: lethally poisoned (0 -> -11)
A: no striking features
a: Evoke Flight


You were on level 3 of the Dungeon.
You were not hungry.

You visited 1 branch of the dungeon, and saw 4 of its levels.

You collected 111 gold pieces.

Inventory:

Hand Weapons
 o - a +0 dagger (weapon)
Armour
 a - a +0 robe (worn)
Jewellery
 f - a ring of flight (right hand)
 g - an uncursed ring of fire
 m - a ring of ice (left hand)
 q - an amulet of the gourmand (around neck)
Wands
 t - a wand of iceblast (7)
Scrolls
 d - a scroll of immolation {unknown}
 e - a scroll of random uselessness {unknown}
 h - a scroll of magic mapping {unknown}
 i - 2 scrolls of blinking {unknown}
 j - 3 scrolls of identify {unknown}
 l - 2 scrolls of enchant armour {unknown}
 n - 2 scrolls of remove curse {unknown}
 p - a scroll of enchant weapon {unknown}
Potions
 b - a potion of brilliance {unknown}
 k - a potion of agility {unknown}
 r - a potion of curing {unknown}
 u - a potion of ambrosia {unknown}
Comestibles
 c - 5 rations
 s - 2 chunks of flesh


   Skills:
 + Level 1.8 Dodging
 + Level 1.9 Stealth
 + Level 0.1 Unarmed Combat
 + Level 2.2 Spellcasting
 + Level 4.8 Necromancy


You had 5 spell levels left.
You knew the following spells:

 Your Spells              Type           Power        Failure   Level  Hunger
a - Pain                  Necr           ###.         2%          1    #......
b - Animate Skeleton      Necr           N/A          2%          1    #......

Your spell library contained the following spells:

 Spells                   Type           Power        Failure   Level  Hunger
 Vampiric Draining        Necr           ###.......   9%          3    ###....
 Regeneration             Chrm/Necr      #.........   22%         3    ###....
 Animate Dead             Necr           N/A          28%         4    #####..


Dungeon Overview and Level Annotations

Branches:
Dungeon (4/15)
 Temple: D:4-7

Altars:
Qazlal


Message History

The worker ant is heavily wounded.
You feel sick. The worker ant bites you.
You are lethally poisoned!
The worker ant poisons you! The worker ant barely misses you.
You closely miss the worker ant.
The worker ant is heavily wounded.
You feel sick. The worker ant barely misses you.
You hit the worker ant.
The worker ant is heavily wounded.
* * * LOW HITPOINT WARNING * * *
You feel sick. The worker ant misses you.
You closely miss the worker ant.
The worker ant is heavily wounded.
* * * LOW HITPOINT WARNING * * *
You feel sick. The worker ant bites you!
* * * LOW HITPOINT WARNING * * *
* * * LOW HITPOINT WARNING * * *
You feel sick. The worker ant closely misses you.
You climb upwards.
You die...

.# ##.# ...#
##.############# #...#
.#....a@Z.##..#.# #...#
.....###.#.##..#.####...#
#.#.....<...............#
..........##.######...##
##.#.##.####.######...##
# #. #.# #...........# .
#.# #######.....# # ..#
#......
############..#...


You could see a worker ant and a friendly hobgoblin skeleton.

Vanquished Creatures
  A gnoll (D:1)
  An adder (D:2)
  An ooze (D:1)
  A worm (D:2)
  2 dart slugs (D:1)
  2 leopard geckos (D:3)
  2 bats (D:1)
  2 giant cockroaches (D:1)
  3 goblins
  4 hobgoblins
  3 kobolds
  4 frilled lizards
  4 rats (D:1)
30 creatures vanquished.

Vanquished Creatures (collateral kills)
  A dart slug (D:3)
  A giant cockroach (D:2)
  2 goblins (D:2)
  A kobold (D:2)
  2 frilled lizards (D:2)
  A rat (D:2)
8 creatures vanquished.

Grand Total: 38 creatures vanquished

Notes
Turn   | Place    | Note
-------+----------+-------------------------------------------
     0 | D:1      | Newrome1105 the Hill Orc Necromancer began the quest for
                  | the Orb.
     0 | D:1      | Reached XP level 1. HP: 14/14 MP: 3/3
   302 | D:1      | Learned a level 1 spell: Animate Skeleton
   510 | D:1      | Reached XP level 2. HP: 13/20 MP: 0/4
  1066 | D:1      | Reached XP level 3. HP: 22/26 MP: 0/5
  1984 | D:2      | Reached XP level 4. HP: 16/33 MP: 2/7
  2259 | D:2      | Found a stormy altar of Qazlal.
  2446 | D:2      | Found a faded altar of an unknown god.
  2659 | D:4      | HP: 1/33 [poisoned by a worker ant]
  2660 | D:3      | Succumbed to a worker ant's poison

Levels and vault maps discovered:
D:1:      nicolae_arrival_memento_mori, layout_loops_cross
D:2:      layout_rooms, overflow_temple_1_default,
          chequers_ecumenical_altar_simple, grunt_decor_one_mirror, minivault_26
D:3:      layout_loops_ring, portal_sewer_entry_f
D:4:      gammafunk_cloud_chamber, layout_loops_ring,
          grunt_temple_overflow_diamond

Skill      XL: |  1  2  3 |
---------------+----------+-----
Spellcasting   | 2 |  2.2
Dodging        | |  1.8
Stealth        | |  1.9
Unarmed Combat | |  0.1
Necromancy     | |  4.8

Action                   |  1- 3 |  4- 6 || total
-------------------------+-------+-------++-------
Melee: Unarmed           |    13 |       ||    13
       Club              |     3 |       ||     3
       Dagger            |       |    12 ||    12
 Cast: Pain              |    54 |     8 ||    62
       Animate Skeleton  |     8 |     6 ||    14
 Stab: Sleeping          |       |     1 ||     1
  Eat: Chunk             |     4 |     9 ||    13
Armor: Robe              |     6 |     1 ||     7
Dodge: Dodged            |    33 |     7 ||    40

Table legend:
 A = Non-vault XP
 B = Vault XP
 C = Vault XP percentage of total XP
 D = Non-vault monster count
 E = Vault monster count
 F = Vault count percentage of total count
                 A         B        C        D         E       F
            +---------+---------+-------+---------+---------+-------
      Total |      95 |       0 |   0.0 |      38 |       0 |   0.0
            +---------+---------+-------+---------+---------+-------
        D:1 |      53 |       0 |   0.0 |      20 |       0 |   0.0
        D:2 |      29 |       0 |   0.0 |      12 |       0 |   0.0
        D:3 |      13 |       0 |   0.0 |       6 |       0 |   0.0
            +---------+---------+-------+---------+---------+-------
